Map: World of Sleepers LE

Players

HAS - Winner!

  • Race: Protoss Protoss
  • Spawn Location: 1:00

CatZ

  • Race: Zerg Zerg
  • League: Grandmaster
  • Spawn Location: 7:00

Event: NationWars 2019

VOD

Have the link to the VOD?

Description

Time

  • Played on: Oct. 6, 2019, 11:41 a.m.
  • Length: 6:59

All games in this series

Show
View Real Time Build Order
Export as new Build Order

HAS Protoss - Winner!

Build Orders: 1 Gate Expand, Double Forge, Phoenix Opening 

Get SALT Encoding   

  12  0:00  Probe  
  13  0:13  Probe  
  14  0:21  Pylon  
  14  0:25  Probe  
  15  0:39  Probe (Chrono Boost)  
  15  0:41  Gateway  
  17  0:50  Probe (Chrono Boost)  
  17  0:51  Assimilator  
  17  0:55  Probe (Chrono Boost)  
  18  1:05  Probe  
  19  1:18  Probe  
  20  1:28  Cybernetics Core  
  20  1:34  Nexus  
  20  1:38  Probe  
  21  1:45  Pylon  
  21  1:50  Assimilator  
  21  1:52  Probe  
  22  2:02  Adept (Chrono Boost)  
  22  2:05  Warp Gate  
  22  2:06  Probe  
  25  2:18  Probe  
  25  2:24  Adept (Chrono Boost)  
  27  2:30  Probe  
  27  2:32  Gateway  
  28  2:43  Probe  
  29  2:45  Sentry (Chrono Boost)  
  29  2:49  Shield Battery  
  33  3:01  Pylon  
  33  3:05  Gateway  
  31  3:06  Gateway  
  31  3:12  Pylon  
  31  3:13  Sentry (Chrono Boost)  
  37  3:27  Gateway  
  37  3:28  Sentry (Chrono Boost)  
  37  3:31  Gateway  
  35  3:36  Pylon  
  35  3:37  Probe  
  35  3:38  Probe  
  35  3:40  Phoenix  
  37  3:50  Probe (Chrono Boost)  
  37  3:54  Probe (Chrono Boost)  
  39  4:00  Probe (Chrono Boost)  
  39  4:02  Sentry x2  
  45  4:04  Probe (Chrono Boost)  
  45  4:05  Assimilator, Probe (Chrono Boost)  
  45  4:08  Assimilator  
  46  4:14  Probe  
  46  4:15  Pylon  
  46  4:16  Probe  
  48  4:19  Sentry  
  50  4:26  Probe  
  50  4:28  Sentry  
  53  4:32  Pylon  
  53  4:33  Pylon, Zealot  
  53  4:37  Zealot  
  57  4:40  Probe (Chrono Boost)  
  57  4:42  Sentry  
  60  4:47  Probe (Chrono Boost)  
  62  4:54  Forge  
  62  4:56  Forge  
  62  4:58  Probe (Chrono Boost)  
  63  5:00  Probe (Chrono Boost)  
  63  5:05  Probe x2 (Chrono Boost)  
  65  5:16  Probe x2, Pylon  
  67  5:28  Probe x2  
  64  5:34  Zealot, Sentry x3  
  73  5:37  Zealot  
  73  5:40  Probe  
  73  5:41  Probe  
  77  5:47  Twilight Council  
  77  5:52  Pylon  
  77  5:53  Pylon  
  77  5:55  Probe  
  78  6:13  Nexus  
  74  6:27  Probe x2  
  74  6:30  Pylon  
  72  6:34  Unknown  
  72  6:36  Pylon  
  72  6:39  Probe  
Show
View Real Time Build Order
Export as new Build Order

CatZ Zerg 

Build Orders: Pool First 

Get SALT Encoding   

  12  0:00  Drone  
  13  0:14  Overlord  
  13  0:18  Drone  
  14  0:33  Drone x2  
  16  0:40  Spawning Pool  
  15  0:44  Drone  
  15  0:49  Drone  
  17  0:52  Extractor  
  16  0:58  Drone  
  17  1:09  Drone  
  18  1:20  Hatchery  
  17  1:29  Queen  
  19  1:33  Zergling x2  
  20  1:41  Drone  
  20  1:44  Overlord  
  21  1:52  Metabolic Boost  
  21  1:56  Zergling x2  
  22  2:04  Zergling x2  
  23  2:25  Zergling x2  
  23  2:26  Zergling x2  
  25  2:33  Zergling x2  
  25  2:45  Zergling x6  
  25  2:46  Zergling x4  
  30  2:54  Zergling x2  
  31  2:58  Zergling x2  
  31  3:04  Zergling x2  
  33  3:11  Zergling x2  
  33  3:19  Zergling x2  
  33  3:27  Zergling x2  
  33  3:32  Zergling x2  
  32  3:39  Zergling x4  
  33  3:44  Zergling x2  
  32  3:49  Drone  
  29  4:04  Drone x4  
  33  4:22  Overlord  
  33  4:25  Drone x2  
  33  4:30  Unknown  
  34  4:40  Queen  
  34  4:48  Zergling x8  
  34  4:49  Zergling x4  
  34  4:50  Zergling x2  
  37  4:57  Zergling x6  
  40  5:03  Zergling x2  
  40  5:04  Zergling x2  
  42  5:10  Baneling Nest  
  42  5:13  Zergling x2  
  39  5:27  Zergling x4  
  35  5:30  Lair  
  35  5:37  Spine Crawler  
  35  5:40  Zergling x2  
  35  5:41  Pneumatized Carapace  
  35  5:52  Zergling x2, Spine Crawler  
  35  5:58  Baneling x6  
  27  6:21  Zergling x6, Overlord  
  28  6:31  Zergling x10  
  28  6:36  Zergling x2  
Tags
 
Add a new tag
Caveats
  • Supply blocks, unpowered buildings, or Contaminate may cause inaccurate times.
  • Supply counts are checked every 10 seconds.